 Dungeon Crawl Stone Soup version 0.28.0-43-g3370ac3207 (webtiles) character file.

Game seed: 15389151648890588764

536 themarg the Vandal (level 7, -24/56 HPs)
             Began as a Gnoll Wanderer on Mar 3, 2022.
             Was an Initiate of Gozag.
             Killed by an exploding Edmund (40 damage)
             ... ignited by their inner flame
             ... on level 5 of the Dungeon.
             The game lasted 00:17:06 (4838 turns).

themarg the Vandal (Gnoll Wanderer)                 Turns: 4838, Time: 00:17:09

Health: -24/56     AC:  4    Str: 10    XL:     7   Next: 25%
Magic:  10/10      EV: 12    Int: 11    God:    Gozag
Gold:   152        SH:  0    Dex: 15    Spells: 10/10 levels left

rFire   . . .      SeeInvis .   a - +2 hunting sling
rCold   . . .      Faith    .   (no shield)
rNeg    . . .      Spirit   .   v - +0 leather armour
rPois   .          Reflect  .   (no helmet)
rElec   .          Harm     .   (no cloak)
rCorr   .          Rampage  .   e - +0 pair of gloves
Will    .....                   (no boots)
Stlth   +++.......              (no amulet)
HPRegen 0.18/turn               (no ring)
MPRegen 0.12/turn               (no ring)

@: gold aura
A: fangs 1, strong nose, distributed training
a: Renounce Religion, Potion Petition, Call Merchant, Bribe Branch


You were on level 5 of the Dungeon.
You worshipped Gozag.
Gozag was aware of your devotion.
You visited 2 branches of the dungeon, and saw 6 of its levels.

You collected 200 gold pieces.
You paid 48 gold pieces to Gozag.

Inventory:

Hand Weapons
 a - a +2 hunting sling (weapon)
 b - a +2 dagger of speed
 c - a +0 hand crossbow
 j - a +0 mace
Missiles
 d - 78 bolts
 h - 64 stones
 q - 14 sling bullets (quivered ammo)
 r - 51 arrows
 z - 8 poisoned darts
Armour
 e - a +0 pair of gloves (worn)
 f - a +0 robe
 v - a +0 leather armour (worn)
 w - a +0 buckler
 x - a +0 pair of boots
Wands
 o - a wand of polymorph (15)
 A - a wand of flame (22)
Scrolls
 k - a scroll of noise {unknown}
 n - a scroll of immolation
 t - a scroll of magic mapping
 u - a scroll of acquirement {unknown}
 y - a scroll of blinking {unknown}
 B - a scroll of summoning {unknown}
 C - a scroll of identify {unknown}
 F - a scroll of fog {unknown}
Potions
 g - a potion of degeneration {unknown}
 i - a potion of curing
 l - a potion of magic {unknown}
 m - a potion of ambrosia {unknown}
 p - a potion of mutation {unknown}
 s - a potion of flight {unknown}
 D - a potion of haste {unknown}
 E - a potion of invisibility {unknown}


   Skills:
 + Level 5.2 Fighting
 + Level 2.3 Short Blades
 + Level 2.3 Long Blades
 + Level 2.3 Axes
 + Level 2.3 Maces & Flails
 + Level 2.3 Polearms
 + Level 2.3 Staves
 + Level 7.0 Slings
 + Level 2.3 Bows
 + Level 5.2 Crossbows
 + Level 2.3 Throwing
 + Level 3.5 Armour
 + Level 2.3 Dodging
 + Level 4.8 Stealth
 + Level 2.3 Shields
 + Level 2.3 Unarmed Combat
 + Level 2.3 Spellcasting
 + Level 1.9 Conjurations
 + Level 1.9 Hexes
 + Level 1.9 Summonings
 + Level 1.9 Necromancy
 + Level 1.9 Translocations
 + Level 1.9 Transmutations
 + Level 1.9 Fire Magic
 + Level 1.9 Ice Magic
 + Level 1.9 Air Magic
 + Level 1.9 Earth Magic
 + Level 1.9 Poison Magic
 + Level 2.6 Invocations
 + Level 2.3 Evocations


You had 10 spell levels left.
You didn't know any spells.
Your spell library contained the following spells:

 Spells                   Type           Power      Damage    Failure   Level
 Fulminant Prism          Conj/Hex       2%         3d6       86%         4
 Iskenderun's Mystic Bla  Conj/Tloc      5%         2d3       86%         4
 Lee's Rapid Deconstruct  Erth           2%         3d6*      99%         5


Dungeon Overview and Level Annotations

Branches:
Dungeon (5/15)             Temple (1/1) D:4

Altars:
Ashenzari
Cheibriados
Dithmenos
Elyvilon
Fedhas
Gozag
Hepliaklqana
Makhleb
Nemelex Xobeh
Okawaru
Qazlal
Ru
Sif Muna
Trog
Uskayaw
Vehumet
Wu Jian
Xom
Yredelemnul
Zin
The Shining One

Shops:
D:1 *


Innate Abilities, Weirdness & Mutations

You have very sharp teeth.
Your uncanny sense of smell can sniff out nearby items.
Your experience applies equally to all skills.


Message History

Edmund hits you with a +3 vorpal flail.
Fire: 19 sling bullets
Press: ? - help, Q - select action, (/) - cycle Shift-Dir - straight line, f/p - Edmund
Aim: Edmund, wielding a +3 vorpal flail and wearing a +0 leather armour (heavily wounded, 66% to hit)
You shoot a sling bullet. The sling bullet hits Edmund.
Edmund is heavily wounded.
Edmund barely misses you.
Fire: 18 sling bullets
Press: ? - help, Q - select action, (/) - cycle Shift-Dir - straight line, f/p - Edmund
Aim: Edmund, wielding a +3 vorpal flail and wearing a +0 leather armour (heavily wounded, 66% to hit)
You shoot a sling bullet. The sling bullet hits Edmund.
Edmund is severely wounded.
Edmund hits you with a +3 vorpal flail!
Fire: 17 sling bullets
Press: ? - help, Q - select action, (/) - cycle Shift-Dir - straight line, f/p - Edmund
Aim: Edmund, wielding a +3 vorpal flail and wearing a +0 leather armour (severely wounded, 66% to hit)
You shoot a sling bullet. The sling bullet hits Edmund.
Edmund is severely wounded.
Fire: 16 sling bullets
Press: ? - help, Q - select action, (/) - cycle Shift-Dir - straight line, f/p - Edmund
Aim: Edmund, wielding a +3 vorpal flail and wearing a +0 leather armour (severely wounded, 66% to hit)
You shoot a sling bullet. The sling bullet barely misses Edmund.
Edmund hits you with a +3 vorpal flail!
* * * LOW HITPOINT WARNING * * *
Okay, then.
As you read the scroll labelled GOHAUNW EWICYI, it crumbles to dust.
The creatures around you are filled with an inner flame!
It was a scroll of immolation.
Edmund closely misses you.
Fire: 15 sling bullets
Press: ? - help, Q - select action, (/) - cycle Shift-Dir - straight line, f/p - Edmund
Aim: Edmund, wielding a +3 vorpal flail and wearing a +0 leather armour (severely wounded, inner flame, 66% to hit)
You shoot a sling bullet. The sling bullet hits Edmund.
Flame seeps out of Edmund.
Edmund is severely wounded.
Edmund is engulfed in blazing flames.
Edmund explodes!
The fiery explosion engulfs you!!!
Ouch! That really hurt!
You die...
Your body crumbles into a pile of gold.

$ #########
#.$§@§..##
#..##○##..##### ...
#§.§##.....## .
##(#######..# .(.
##.## .(. #..#
#$.(# ##.#
####..(.(#### #.#
##.#.......#.####.#


There were no monsters in sight!

Vanquished Creatures
  Grinder (D:3)
  Edmund (D:5)
  An ogre (D:2)
  A phantom (D:5)
  A scorpion (D:4)
  Terence (D:2)
  4 adders
  An adder skeleton (D:4)
  A worm (D:3)
  A dart slug (D:4)
  4 orcs
  5 ball pythons
  4 bats
  5 endoplasms
  3 giant cockroaches
  2 goblins
  5 hobgoblins
  3 jackals (D:1)
  7 kobolds
  2 quokkas (D:1)
  4 frilled lizards
  3 rats
60 creatures vanquished.

Notes
Turn   | Place    | Note
-------+----------+-------------------------------------------
     0 | D:1      | themarg the Gnoll Wanderer began the quest for the Orb.
     0 | D:1      | themarg set off with the following items: a +2 hunting
                  | sling, 20 sling bullets, a +0 hand crossbow, 25 bolts, a +0
                  | pair of gloves, a +0 robe
     0 | D:1      | Reached XP level 1. HP: 20/20 MP: 1/1
   121 | D:1      | Reached XP level 2. HP: 26/26 MP: 2/2
   562 | D:1      | Reached XP level 3. HP: 31/31 MP: 3/3
   609 | D:1      | Found Tiele's Assorted Antiques.
   801 | D:1      | Found a faded altar of an unknown god.
   894 | D:2      | Noticed Terence
   900 | D:2      | Killed Terence
   901 | D:2      | Reached skill level 1 in Short Blades
   901 | D:2      | Reached skill level 1 in Long Blades
   901 | D:2      | Reached skill level 1 in Axes
   901 | D:2      | Reached skill level 1 in Maces & Flails
   901 | D:2      | Reached skill level 1 in Polearms
   901 | D:2      | Reached skill level 1 in Staves
   901 | D:2      | Reached skill level 1 in Bows
   901 | D:2      | Reached skill level 1 in Throwing
   901 | D:2      | Reached skill level 1 in Dodging
   901 | D:2      | Reached skill level 1 in Shields
   901 | D:2      | Reached skill level 1 in Unarmed Combat
   901 | D:2      | Reached skill level 1 in Spellcasting
   901 | D:2      | Reached skill level 1 in Invocations
   901 | D:2      | Reached skill level 1 in Evocations
  1544 | D:3      | Reached XP level 4. HP: 38/38 MP: 5/5
  1908 | D:3      | Noticed Grinder
  1956 | D:3      | Killed Grinder
  1957 | D:3      | Reached skill level 1 in Conjurations
  1957 | D:3      | Reached skill level 1 in Hexes
  1957 | D:3      | Reached skill level 1 in Summonings
  1957 | D:3      | Reached skill level 1 in Necromancy
  1957 | D:3      | Reached skill level 1 in Translocations
  1957 | D:3      | Reached skill level 1 in Transmutations
  1957 | D:3      | Reached skill level 1 in Fire Magic
  1957 | D:3      | Reached skill level 1 in Ice Magic
  1957 | D:3      | Reached skill level 1 in Air Magic
  1957 | D:3      | Reached skill level 1 in Earth Magic
  1957 | D:3      | Reached skill level 1 in Poison Magic
  1957 | D:3      | Reached XP level 5. HP: 2/43 MP: 5/7
  1957 | D:3      | Reached XP level 6. HP: 3/50 MP: 5/8
  2527 | D:3      | Found a sacrificial altar of Ru.
  2527 | D:3      | Found an iron altar of Okawaru.
  2528 | D:3      | Found a shimmering blue altar of Sif Muna.
  2674 | D:2      | Reached skill level 5 in Fighting
  2674 | D:2      | Reached skill level 5 in Crossbows
  3162 | D:4      | Found a staircase to the Ecumenical Temple.
  3168 | Temple   | Entered the Ecumenical Temple
  3517 | Temple   | Became a worshipper of Gozag Ym Sagoz the Greedy
  3701 | D:4      | Found a shadowy altar of Dithmenos.
  3704 | D:4      | Found a glowing silver altar of Zin.
  3707 | D:4      | Found a bloodstained altar of Trog.
  3710 | D:4      | Found a basalt altar of Yredelemnul.
  3743 | D:4      | Reached XP level 7. HP: 17/56 MP: 10/10
  4538 | D:5      | Entered Level 5 of the Dungeon
  4647 | D:5      | Noticed Edmund
  4730 | D:5      | Reached skill level 7 in Slings
  4838 | D:5      | Killed Edmund
  4838 | D:5      | Killed by an exploding Edmund... ignited by their inner
                  | flame

Illustrated notes

Levels and vault maps discovered:
D:1:      roderic_crossed_star, layout_basic,
          dreamdust_ecumenical_altar_hidden_monk_grotto, serial_shops,
          nicolae_square_shop
D:2:      layout_loops_ring, minmay_strange_pillars, minmay_misc_feat_rows,
          uniq_terence
D:3:      layout_rooms, gammafunk_temple_overflow_claw,
          minmay_fractal_squares_diagonal_5, uniq_grinder
D:4:      layout_layer_cave, grunt_temple_overflow_cloverleaf, temple_green
D:5:      mumra_celtic_spiral_tile, layout_loops_ring,
          nicolae_figureground_sparkle, uniq_edmund
Temple:   minmay_temple_curvy_branch

Skill      XL: |  1  2  3  4  5  6  7 |
---------------+----------------------+-----
Short Blades   | 1 2 |  2.3
Long Blades    | 1 2 |  2.3
Axes           | 1 2 |  2.3
Maces & Flails | 1 2 |  2.3
Polearms       | 1 2 |  2.3
Staves         | 1 2 |  2.3
Bows           | 1 2 |  2.3
Throwing       | 1 2 |  2.3
Dodging        | 1 2 |  2.3
Shields        | 1 2 |  2.3
Unarmed Combat | 1 2 |  2.3
Spellcasting   | 1 2 |  2.3
Invocations    | 1 2 |  2.6
Evocations     | 1 2 |  2.3
Armour         | 3 |  3.5
Conjurations   | 1 |  1.9
Hexes          | 1 |  1.9
Summonings     | 1 |  1.9
Necromancy     | 1 |  1.9
Translocations | 1 |  1.9
Transmutations | 1 |  1.9
Fire Magic     | 1 |  1.9
Ice Magic      | 1 |  1.9
Air Magic      | 1 |  1.9
Earth Magic    | 1 |  1.9
Poison Magic   | 1 |  1.9
Fighting       | 5 |  5.2
Crossbows      | 5 |  5.2
Slings         | 7 |  7.0
Stealth        | |  4.8

Action                   |  1- 3 |  4- 6 |  7- 9 || total
-------------------------+-------+-------+-------++-------
Melee: Dagger            |       |    33 |       ||    33
       Bite              |       |     4 |       ||     4
 Fire: Hunting sling     |    61 |    89 |    50 ||   200
  Use: Potion            |       |     1 |       ||     1
       Scroll            |       |       |     2 ||     2
Armor: Robe              |     4 |     1 |       ||     5
       Leather armour    |       |    12 |     6 ||    18
Dodge: Dodged            |     7 |    27 |    12 ||    46
